 Dungeon Crawl Stone Soup version 0.30-a0-778-g2ef04afb54 (webtiles) character file.

Game seed: 13121417387718359619

70066 porpoise the Covert (level 15, -22/121 HPs)
             Began as a Gnoll Enchanter on Feb 16, 2023.
             Was an Elder of Ashenzari.
             Annihilated by a minotaur
             ... wielding the +7 demon trident "Iwnen" {venom, *Corrode Str+6}
              (36 damage)
             ... in a Gauntlet on Feb 17, 2023.
             The game lasted 02:21:55 (24983 turns).

porpoise the Covert (Gnoll Enchanter)              Turns: 24983, Time: 02:21:55

Health: -22/121    AC: 16    Str:  8    XL:     15   Next: 32%
Magic:  29/32      EV: 30    Int: 18    God:    Ashenzari [****..]
Gold:   2401       SH:  7    Dex: 16    Spells: 2/40 levels left

rFire   . . .      SeeInvis +    a - +3 dagger (elec)
rCold   . . .      Faith    .    A - +0 buckler of Panopticon {Comp, Evo} (curse)
rNeg    . . .      Spirit   .    H - +0 steam dragon scales "Doubts of Ashenzari" {Cun, Evo} (curse)
rPois   .          Reflect  .    l - +0 helmet of Supernal Wisdom {Fort, Melee} (curse)
rElec   .          Harm     .    n - +0 cloak "Chained Together" {Alch, Self} (curse)
rCorr   +          Rampage  .    h - +2 pair of gloves of the Cartwright {rCorr}
Will    +....      Clarity  +    v - +1 pair of boots of Curses and Power {Melee, Comp} (curse)
Stlth   +++++++    NoTele   +    T - amulet of the Omniscient Sun {Regen+ Stlth+, Bglg, Melee} (curse)
HPRegen 1.20/turn                i - ring "Circumscribed Together" {EV+5, Elem, Cun} (curse)
MPRegen 0.23/turn                w - +5 ring of evasion

@: lethally poisoned (-22 -> -51), confusing by touch
A: fangs 1, strong nose, distributed training
a: Renounce Religion, Curse Item, Shatter the Chains


You were in a Gauntlet.
You worshipped Ashenzari.
Ashenzari was greatly pleased with you.
You visited 2 branches of the dungeon, and saw 16 of its levels.
You also visited: Sewer, Bailey, Gauntlet and Ice Cave.

You collected 2998 gold pieces.
You spent 597 gold pieces at shops.

Inventory:

Hand Weapons
 a - a +3 dagger of electrocution (weapon)
 b - a +6 scimitar
Missiles
 u - 10 poisoned darts
 M - 3 boomerangs (quivered)
Armour
 e - a +0 hat
 g - the +1 pair of boots of the Vacuum {Harm rN+}
   (You found it in a Gauntlet)

   rN:        It protects you from negative energy.
   Harm:      It increases damage dealt and taken.
 h - the +2 pair of gloves of the Cartwright (worn) {rCorr}
   (You found it in a Gauntlet)

   rCorr:     It protects you from acid and corrosion.
 l - the cursed +0 helmet of Supernal Wisdom (worn) {Fort, Melee}
   (You found it on level 4 of the Dungeon)

   It has a curse which improves the following skills: Fortitude: Armour and
   Shields.
   Melee Combat: Short Blades, Long Blades, Axes, Maces & Flails, Polearms,
   Staves and Unarmed Combat.
 n - the cursed +0 cloak "Chained Together" (worn) {Alch, Self}
   (You found it on level 3 of the Dungeon)

   It has a curse which improves the following skills: Alchemy: Poison Magic and
   Transmutations.
   Introspection: Fighting and Spellcasting.
 p - a +0 buckler
 v - the cursed +1 pair of boots of Curses and Power (worn) {Melee, Comp}
   (You found it on level 4 of the Dungeon)

   It has a curse which improves the following skills: Melee Combat: Short
   Blades, Long Blades, Axes, Maces & Flails, Polearms, Staves and Unarmed
   Combat.
   Companions: Summonings and Necromancy.
 A - the cursed +0 buckler of Panopticon (worn) {Comp, Evo}
   (You found it on level 6 of the Dungeon)

   It has a curse which improves the following skills: Companions: Summonings
   and Necromancy.
   Evocations: Evocations.
 H - the cursed +0 steam dragon scales "Doubts of Ashenzari" (worn) {Cun, Evo}
   (You took it off Maggie on level 8 of the Dungeon)

   It has a curse which improves the following skills: Cunning: Dodging and
   Stealth.
   Evocations: Evocations.
Jewellery
 i - the cursed ring "Circumscribed Together" (left hand) {EV+5, Elem, Cun}
   (You found it on level 3 of the Dungeon)

   [ring of evasion]

   EV:        It affects your evasion (+5).
   It has a curse which improves the following skills: Elements: Fire Magic, Ice
   Magic, Air Magic and Earth Magic.
   Cunning:   Dodging and Stealth.
 s - a ring of protection from cold
 w - a +5 ring of evasion (right hand)
 T - the cursed amulet of the Omniscient Sun (around neck) {Regen+ Stlth+, Bglg, Melee}
   (You bought it in a shop on level 9 of the Dungeon)

   [amulet of regeneration]

   Regen:     It increases your rate of health regeneration.
   Stlth:     It makes you more stealthy.
   It has a curse which improves the following skills: Beguiling: Conjurations,
   Hexes and Translocations.
   Melee Combat: Short Blades, Long Blades, Axes, Maces & Flails, Polearms,
   Staves and Unarmed Combat.
Wands
 o - a wand of quicksilver (4)
 B - a wand of paralysis (5)
 D - a wand of flame (20)
 E - a wand of mindburst (6)
 L - a wand of roots (5)
Scrolls
 d - 4 scrolls of poison
 f - a scroll of teleportation
 j - a scroll of vulnerability
 r - 2 scrolls of silence
 x - 3 scrolls of fog
Potions
 c - 2 potions of haste
 k - a potion of magic
 m - 9 potions of curing
 q - a potion of might
 t - a potion of heal wounds
 z - a potion of attraction
 G - a potion of invisibility
 O - 2 potions of berserk rage
 P - a potion of resistance
 Q - a potion of ambrosia
 V - 4 potions of lignification
Miscellaneous
 R - a phantom mirror


   Skills:
 + Level 10.3(12.3) Fighting
 + Level 10.7(14.5) Short Blades
 + Level 10.3(14.2) Long Blades
 + Level 10.3(14.2) Axes
 + Level 10.3(14.2) Maces & Flails
 + Level 10.3(14.2) Polearms
 + Level 10.3(14.2) Staves
 + Level 10.3 Ranged Weapons
 + Level 10.3 Throwing
 + Level 10.3(12.3) Armour
 + Level 11.3(14.2) Dodging
 + Level 11.9(14.8) Stealth
 + Level 10.3(12.3) Shields
 + Level 10.3(14.2) Unarmed Combat
 + Level 11.5(13.4) Spellcasting
 + Level 8.7(10.7) Conjurations
 + Level 10.3(12.2) Hexes
 + Level 8.7(11.7) Summonings
 + Level 8.7(11.7) Necromancy
 + Level 8.7(10.7) Translocations
 + Level 8.7(10.7) Transmutations
 + Level 8.7(10.7) Fire Magic
 + Level 8.7(10.7) Ice Magic
 + Level 8.7(10.7) Air Magic
 + Level 8.7(10.7) Earth Magic
 + Level 8.7(10.7) Poison Magic
 + Level 11.2 Invocations
 + Level 10.3(13.3) Evocations


You had 2 spell levels left.
You knew the following spells:

 Your Spells              Type           Power      Damage    Failure   Level
a - Confusing Touch       Hex            54%        N/A       1%          3
c - Call Canine Familiar  Summ           53%        N/A       1%          3
d - Dazzling Flash        Conj/Hex       100%       N/A       1%          3
e - Ensorcelled Hibernat  Hex/Ice        100%       N/A       1%          2
f - Fireball              Conj/Fire      25%        3d11      2%          5
i - Summon Ice Beast      Ice/Summ       51%        N/A       1%          4
n - Animate Armour        Summ/Erth      100%       N/A       1%          4
r - Iron Shot             Conj/Erth      25%        9d5       13%         6
t - Tukima's Dance        Hex            54%        N/A       1%          3
v - Summon Mana Viper     Hex/Summ       53%        N/A       1%          5

Your spell library contained the following spells:

 Spells                   Type           Power      Damage    Failure   Level
 Sandblast                Erth           100%       2d20      1%          1
 Summon Small Mammal      Summ           100%       N/A       1%          1
 Lesser Beckoning         Tloc           100%       N/A       1%          2
 Passwall                 Tmut/Erth      41%        N/A       1%          2
 Scorch                   Fire           100%       2d10      1%          2
 Gell's Gravitas          Tloc           50%        N/A       1%          3
 Ozocubu's Armour         Ice            50%        N/A       1%          3
 Portal Projectile        Hex/Tloc       100%       N/A       1%          3
 Stone Arrow              Conj/Erth      100%       3d13      1%          3
 Summon Guardian Golem    Hex/Summ       53%        N/A       1%          3
 Teleport Other           Tloc           50%        N/A       1%          3
 Vhi's Electric Charge    Tloc/Air       100%       N/A       1%          3
 Animate Dead             Necr           53%        N/A       1%          4
 Flame Wave               Conj/Fire      50%        2d12      1%          4
 Borgnjor's Vile Clutch   Necr/Erth      25%        N/A       1%          5
 Arcjolt                  Conj/Air       25%        1d35      2%          5
 Blade Hands              Tmut           25%        N/A       2%          5
 Iskenderun's Battlesphe  Conj           50%        2d10      2%          5
 Death Channel            Necr           26%        N/A       9%          6
 Summon Cactus Giant      Summ           26%        N/A       9%          6
 Conjure Ball Lightning   Conj/Air       25%        3x3d7     13%         6
 Monstrous Menagerie      Summ           26%        N/A       43%         7
 Orb of Destruction       Conj           25%        9d9       56%         7
 Ozocubu's Refrigeration  Ice            25%        4d13      56%         7
 Maxwell's Capacitive Co  Air            25%        ∞         99%         8


Dungeon Overview and Level Annotations

Branches:
Dungeon (11/15)            Temple (0/1) D:7            Lair (5/5) D:8
 Shoals (0/4) Lair:2        Snake (0/4) Lair:3          Orc (0/2) D:9
  Sewer (visited)          Bailey (visited)           IceCv (visited)
Gauntlet (1/1)
  Slime: Lair:4-5

Altars:
Ashenzari
Dithmenos
Elyvilon
Kikubaaqudgha
Okawaru
Qazlal
Sif Muna
Trog
Uskayaw
Vehumet
Wu Jian
Xom
Yredelemnul
The Shining One
Jiyva

Shops:
D:5 *   D:9 =:(==

Annotations:
Lair:2 exclusion: 3 oklob plants
Lair:4 exclusions: 2 oklob plants and 1 more exclusion Gauntlet 4 transporters, 15 runed translucent doors


Innate Abilities, Weirdness & Mutations

You have very sharp teeth.
Your uncanny sense of smell can sniff out nearby items.
Your experience applies equally to all skills.


Message History

You feel sick. The minotaur blocks your attack.
You feel sick.
The minotaur hits you with the +7 demon trident "Iwnen" {venom, *Corrode Str+6}!
You are more poisoned.
The minotaur closely misses you. The minotaur blocks your attack.
You feel very sick. The minotaur blocks your attack.
You feel very sick.
The minotaur hits you with the +7 demon trident "Iwnen" {venom, *Corrode Str+6}.
You are more poisoned.
The minotaur completely misses you. The minotaur blocks your attack.
You bite the minotaur, but do no damage.
You feel very sick. The minotaur closely misses you.
The minotaur gores you but does no damage.
You feel much better.
You feel very sick.
The minotaur hits you with the +7 demon trident "Iwnen" {venom, *Corrode Str+6}!!
* * * LOW HITPOINT WARNING * * *
You are lethally poisoned!
The minotaur completely misses you.
You feel better.
The minotaur hits you with the +7 demon trident "Iwnen" {venom, *Corrode Str+6}!!
* * * LOW HITPOINT WARNING * * *
The minotaur misses you.
Okay, then.
Unknown command.
Okay, then.
You feel much better.
The minotaur hits you with the +7 demon trident "Iwnen" {venom, *Corrode Str+6}!!!
* * * LOW HITPOINT WARNING * * *
You are lethally poisoned!
You block the minotaur's attack.
You feel much better.
* * * LOW HITPOINT WARNING * * *
You feel extremely sick.
The minotaur hits you with the +7 demon trident "Iwnen" {venom, *Corrode Str+6}!!!
You die...

.................≈∩≈............≈
#################################
# #8# #8##§...............≈##8# #
### ####8.8.8..©.©..8.8.8####
#≈..............§§#
###.#.#######.#.### #.#....#
..#.# #.#.##.#.##.#,
#....@H...... #.#..##'##..# *
#.#..#8,8# , #....#, #,, ,*
###8.# 8 , * ####∆,∆* * * *∆ ∆* *
∩


You could see a minotaur.

Vanquished Creatures
  Kirke (Lair:4)
  An azure jelly (IceCv)
  A stone giant (D:10)
  3 quicksilver oozes (IceCv)
  A fire dragon (Lair:5)
  A catoblepas (Lair:4)
  A tengu warrior (Gauntlet)
  A boulder beetle (Lair:2)
  A two-headed ogre (D:10)
  10 death yaks
  3 lindwurms
  A wizard (Gauntlet)
  2 orc knights (Bailey)
  4 harpies (Lair:2)
  3 wolf spiders (Lair:5)
  A necromancer (Gauntlet)
  An ugly thing (D:10)
  A cyclops (D:10)
  4 elephants (Lair:3)
  Maurice (D:8)
  3 ice statues (IceCv)
  9 black mambas
  16 cane toads
  7 torpor snails
  Maggie (D:8)
  3 gargoyles (D:10)
  7 komodo dragons
  4 rime drakes
  A tengu conjurer (Gauntlet)
  2 trolls (D:10)
  9 hornets (Lair:5)
  2 polar bears
  Prince Ribbit (D:5)
  3 tyrant leeches (Lair:5)
  16 slime creatures
  13 blink frogs
  Sigmund (D:5)
  A wraith (D:7)
  17 wyverns
  4 basilisks
  42 yaks
  3 hogs
  2 steam dragons
  Grum (D:8)
  3 vampire mosquitoes (D:11)
  A death yak simulacrum (Lair:5)
  2 acid dragons
  28 water moccasins
  A nameless horror (Lair:2)
  2 ice beasts (D:6)
  7 orc warriors
  A sky beast (D:6)
  2 great orb of eyes simulacra (IceCv)
  Pargi (Sewer)
  4 black bears
  9 wolves
  4 centaurs
  An ogre (D:6)
  2 slime creature simulacra (IceCv)
  11 bullfrogs
  A glowing shapeshifter simulacrum (IceCv)
  6 necrophages
  A gnoll sergeant (D:10)
  A scorpion (D:5)
  26 wights
  An elephant simulacrum (Lair:5)
  12 killer bees
  6 electric eels (Lair:4)
  7 howler monkeys
  2 lava snakes (Lair:4)
  2 quasits (D:7)
  A hound (D:4)
  6 jellies
  4 orc priests
  A gnoll bouda (D:7)
  3 iguanas
  3 orc wizards
  3 shapeshifter simulacra (IceCv)
  2 wolf simulacra (Lair:5)
  6 gnolls
  7 adders
  5 shadow imps
  7 white imps
  5 ufetubi
  4 dart slugs
  4 worms
  38 orcs
  9 endoplasms
  5 giant cockroaches
  11 goblins
  8 hobgoblins
  6 jackals
  6 quokkas
  3 training dummies (D:9)
  4 ball pythons (D:1)
  6 bats
  10 frilled lizards
  9 kobolds
  9 rats
  A spectral kobold (D:1)
540 creatures vanquished.

Vanquished Creatures (collateral kills)
  An azure jelly (IceCv)
  Harold (Lair:1)
  3 death yaks (Lair:2)
  2 basilisks
  4 killer bees
  An adder (D:4)
12 creatures vanquished.

Vanquished Creatures (others)
  A dancing weapon (D:3)
  2 bushes
  10 demonic plants (D:7)
  36 fungi
  92 plants
141 creatures vanquished.

Grand Total: 693 creatures vanquished

Notes
Turn   | Place    | Note
-------+----------+-------------------------------------------
     0 | D:1      | porpoise the Gnoll Enchanter began the quest for the Orb.
     0 | D:1      | Reached XP level 1. HP: 13/13 MP: 6/6
   169 | D:1      | Reached XP level 2. HP: 5/19 MP: 7/7
   247 | D:1      | Learned a level 2 spell: Ensorcelled Hibernation
   626 | D:1      | Reached skill level 5 in Spellcasting
   626 | D:1      | Reached XP level 3. HP: 25/25 MP: 7/9
   630 | D:1      | Learned a level 3 spell: Confusing Touch
   634 | D:1      | Learned a level 3 spell: Tukima's Dance
   663 | D:1      | Found a faded altar of an unknown god.
   783 | D:1      | Reached skill level 1 in Invocations
  1275 | D:2      | Reached skill level 1 in Fighting
  1275 | D:2      | Reached skill level 1 in Long Blades
  1275 | D:2      | Reached skill level 1 in Axes
  1275 | D:2      | Reached skill level 1 in Maces & Flails
  1275 | D:2      | Reached skill level 1 in Polearms
  1275 | D:2      | Reached skill level 1 in Staves
  1275 | D:2      | Reached skill level 1 in Ranged Weapons
  1275 | D:2      | Reached skill level 1 in Throwing
  1275 | D:2      | Reached skill level 1 in Armour
  1275 | D:2      | Reached skill level 1 in Shields
  1275 | D:2      | Reached skill level 1 in Unarmed Combat
  1275 | D:2      | Reached skill level 1 in Evocations
  1471 | D:2      | Reached XP level 4. HP: 32/32 MP: 11/11
  2152 | D:2      | Reached skill level 1 in Conjurations
  2152 | D:2      | Reached skill level 1 in Summonings
  2152 | D:2      | Reached skill level 1 in Necromancy
  2152 | D:2      | Reached skill level 1 in Translocations
  2152 | D:2      | Reached skill level 1 in Transmutations
  2152 | D:2      | Reached skill level 1 in Fire Magic
  2152 | D:2      | Reached skill level 1 in Ice Magic
  2152 | D:2      | Reached skill level 1 in Air Magic
  2152 | D:2      | Reached skill level 1 in Earth Magic
  2152 | D:2      | Reached skill level 1 in Poison Magic
  2409 | D:3      | Reached XP level 5. HP: 15/37 MP: 4/12
  2903 | D:3      | Found an ancient bone altar of Kikubaaqudgha.
  3331 | D:4      | Reached XP level 6. HP: 44/44 MP: 13/13
  3486 | D:4      | Found an iron altar of Okawaru.
  3489 | D:4      | Found a shimmering altar of Xom.
  3489 | D:4      | Found a hazy altar of Hepliaklqana.
  3491 | D:4      | Found a shadowy altar of Dithmenos.
  3491 | D:4      | Found a glowing silver altar of Zin.
  3491 | D:4      | Found a white marble altar of Elyvilon.
  3694 | D:4      | Reached skill level 5 in Dodging
  3786 | D:4      | Noticed a steam dragon
  3799 | D:4      | Killed a steam dragon
  3837 | D:4      | Found a glowing drain.
  3849 | Sewer    | Entered a sewer
  4257 | Sewer    | Noticed Pargi
  4262 | Sewer    | Killed Pargi
  4263 | Sewer    | Reached XP level 7. HP: 51/51 MP: 10/15
  4732 | D:5      | Entered Level 5 of the Dungeon
  4987 | D:5      | Found Ebelycs's Lightly-Used Armoury.
  5088 | D:5      | Noticed Sigmund
  5094 | D:5      | Killed Sigmund
  5095 | D:5      | Reached XP level 8. HP: 41/58 MP: 13/16
  5450 | D:5      | Noticed Prince Ribbit
  5471 | D:5      | Killed Prince Ribbit
  5867 | D:5      | Reached XP level 9. HP: 65/65 MP: 18/18
  6096 | D:6      | Reached skill level 5 in Short Blades
  6122 | D:6      | Found a glowing golden altar of the Shining One.
  6125 | D:6      | Found a radiant altar of Vehumet.
  6126 | D:6      | Found a basalt altar of Yredelemnul.
  6127 | D:6      | Found a broken altar of Ashenzari.
  6128 | D:6      | Found a shimmering blue altar of Sif Muna.
  6162 | D:6      | Became a worshipper of Ashenzari the Shackled
  6518 | D:6      | Reached skill level 5 in Invocations
  7495 | D:7      | Reached skill level 5 in Fighting
  7495 | D:7      | Reached skill level 5 in Long Blades
  7495 | D:7      | Reached skill level 5 in Axes
  7495 | D:7      | Reached skill level 5 in Maces & Flails
  7495 | D:7      | Reached skill level 5 in Polearms
  7495 | D:7      | Reached skill level 5 in Staves
  7495 | D:7      | Reached skill level 5 in Ranged Weapons
  7495 | D:7      | Reached skill level 5 in Throwing
  7495 | D:7      | Reached skill level 5 in Armour
  7495 | D:7      | Reached skill level 5 in Shields
  7495 | D:7      | Reached skill level 5 in Unarmed Combat
  7495 | D:7      | Reached skill level 5 in Evocations
  7495 | D:7      | Reached XP level 10. HP: 65/74 MP: 13/20
  7739 | D:7      | Found a staircase to the Ecumenical Temple.
  8645 | D:8      | Noticed a moth of wrath
  8658 | D:8      | Found a bloodstained altar of Trog.
  8740 | D:8      | Noticed Grum
  8768 | D:8      | Killed Grum
  9184 | D:8      | Found a staircase to the Lair.
  9306 | D:8      | Reached skill level 5 in Conjurations
  9306 | D:8      | Reached skill level 5 in Summonings
  9306 | D:8      | Reached skill level 5 in Necromancy
  9306 | D:8      | Reached skill level 5 in Translocations
  9306 | D:8      | Reached skill level 5 in Transmutations
  9306 | D:8      | Reached skill level 5 in Fire Magic
  9306 | D:8      | Reached skill level 5 in Ice Magic
  9306 | D:8      | Reached skill level 5 in Air Magic
  9306 | D:8      | Reached skill level 5 in Earth Magic
  9306 | D:8      | Reached skill level 5 in Poison Magic
  9388 | D:8      | Reached XP level 11. HP: 57/81 MP: 15/22
  9780 | D:8      | Noticed Maggie
  9786 | D:8      | Killed Maggie
  9803 | D:8      | Learned a level 3 spell: Dazzling Flash
  9893 | D:8      | Reached * piety under Ashenzari
  9956 | D:8      | Noticed Maurice
  9963 | D:8      | Killed Maurice
 10467 | D:9      | Found Othrull's Book Emporium.
 10470 | D:9      | Found Myuneh's Firing Range.
 10518 | D:9      | Found a flagged portal.
 10529 | Bailey   | Entered a bailey
 10550 | Bailey   | Reached ** piety under Ashenzari
 10735 | Bailey   | Noticed an orc knight
 10805 | Bailey   | Killed an orc knight
 10807 | Bailey   | Noticed an orc knight
 10820 | Bailey   | Killed an orc knight
 11107 | D:9      | Learned a level 3 spell: Call Canine Familiar
 11191 | D:9      | Learned a level 5 spell: Summon Mana Viper
 11196 | D:9      | Learned a level 4 spell: Summon Ice Beast
 11215 | D:9      | Found Leohomn's Jewellery Shoppe.
 11373 | D:9      | Bought the amulet "Asefasegyt" {Regen+ Stlth+} for 597 gold
                  | pieces
 11521 | D:9      | Found a staircase to the Orcish Mines.
 11528 | D:9      | Found Ataonnuu's Jewellery Emporium.
 11530 | D:9      | Found a hide-covered altar of Uskayaw.
 11711 | D:9      | Found Zinaw's Jewellery Shoppe.
 11947 | D:10     | Entered Level 10 of the Dungeon
 11970 | D:10     | Noticed a stone giant
 11970 | D:10     | Found the +10 dark maul {heavy}
 12032 | D:10     | Killed a stone giant
 12085 | D:10     | Learned a level 4 spell: Animate Armour
 12175 | D:10     | Identified the +4 whip of the Blind Eye {speed, rC- rN++
                  | Dex+2}
 12384 | D:10     | Found a white marble altar of Elyvilon.
 12565 | D:10     | Noticed a green ugly thing
 12574 | D:10     | Killed a green ugly thing
 12575 | D:10     | Reached XP level 12. HP: 94/94 MP: 23/26
 12612 | D:10     | Found a stormy altar of Qazlal.
 12642 | D:10     | Noticed a two-headed ogre
 12647 | D:10     | Killed a two-headed ogre
 12889 | D:10     | Found an iron altar of Okawaru.
 12889 | D:10     | Found a shadowy altar of Dithmenos.
 13096 | Lair:1   | Entered Level 1 of the Lair of Beasts
 13114 | Lair:1   | Noticed Harold
 13145 | Lair:1   | Killed Harold
 13311 | Lair:1   | Reached *** piety under Ashenzari
 14584 | Lair:2   | Identified a scroll of acquirement
 14594 | Lair:2   | Acquired 1261 gold pieces
 14608 | Lair:2   | Found a staircase to the Shoals.
 14608 | Lair:2   | Noticed a death yak
 14611 | Lair:2   | Noticed a death yak
 14612 | Lair:2   | Noticed a death yak
 14615 | Lair:2   | Noticed a death yak
 14660 | Lair:2   | Killed a death yak
 14862 | Lair:2   | Reached skill level 10 in Stealth
 15195 | Lair:2   | Noticed a boulder beetle
 15196 | Lair:2   | Found an ornate altar of the Wu Jian Council.
 15198 | Lair:2   | Found a hide-covered altar of Uskayaw.
 15202 | Lair:2   | Killed a boulder beetle
 15753 | Lair:2   | Killed a death yak
 15754 | Lair:2   | Reached XP level 13. HP: 99/103 MP: 5/28
 15936 | Lair:3   | Found a staircase to the Snake Pit.
 16831 | Lair:3   | Reached **** piety under Ashenzari
 17301 | Lair:3   | Reached skill level 10 in Spellcasting
 17614 | Lair:4   | Identified the +2 plate armour of Spring {rElec}
 17624 | Lair:4   | Noticed Kirke
 17698 | Lair:4   | Found a viscous altar of Jiyva.
 17898 | Lair:4   | Reached skill level 10 in Dodging
 18480 | Lair:4   | Reached XP level 14. HP: 64/113 MP: 16/30
 18498 | Lair:4   | Reached skill level 10 in Invocations
 18760 | Lair:4   | Learned a level 6 spell: Iron Shot
 18915 | Lair:4   | Identified the cursed +0 cloak "Chained Together" {Alch,
                  | Self} (You found it on level 3 of the Dungeon)
 18915 | Lair:4   | Identified the cursed +0 helmet of Supernal Wisdom {Fort,
                  | Melee} (You found it on level 4 of the Dungeon)
 18915 | Lair:4   | Identified the cursed +1 pair of boots of Curses and Power
                  | {Melee, Comp} (You found it on level 4 of the Dungeon)
 18915 | Lair:4   | Identified the cursed +0 buckler of Panopticon {Comp, Evo}
                  | (You found it on level 6 of the Dungeon)
 18915 | Lair:4   | Identified the cursed +0 steam dragon scales "Doubts of
                  | Ashenzari" {Cun, Evo} (You took it off Maggie on level 8 of
                  | the Dungeon)
 18927 | Lair:4   | Noticed a sphinx
 19028 | Lair:4   | Noticed a sphinx
 19054 | Lair:4   | Killed Kirke
 19808 | Lair:5   | Entered Level 5 of the Lair of Beasts
 19809 | Lair:5   | Found a frozen archway.
 19851 | IceCv    | Entered an ice cave
 19918 | IceCv    | Learned a level 5 spell: Fireball
 20559 | IceCv    | Noticed a quicksilver ooze
 20766 | IceCv    | Killed a quicksilver ooze
 20827 | IceCv    | Noticed a quicksilver ooze
 20833 | IceCv    | Noticed a quicksilver ooze
 20841 | IceCv    | Killed a quicksilver ooze
 20852 | IceCv    | Killed a quicksilver ooze
 21307 | IceCv    | Noticed an azure jelly
 21309 | IceCv    | Found a viscous altar of Jiyva.
 21309 | IceCv    | Noticed an azure jelly
 21315 | IceCv    | Killed an azure jelly
 21316 | IceCv    | Reached skill level 10 in Short Blades
 21331 | IceCv    | Identified the ring of the Pariah {Ice Str+5}
 21334 | IceCv    | Killed an azure jelly
 22083 | Lair:5   | Reached skill level 10 in Hexes
 22240 | Lair:5   | Found a runed translucent door.
 22308 | Lair:5   | Paralysed by a hornet for 1 turns
 22383 | Lair:5   | Reached skill level 10 in Fighting
 22383 | Lair:5   | Reached skill level 10 in Long Blades
 22383 | Lair:5   | Reached skill level 10 in Axes
 22383 | Lair:5   | Reached skill level 10 in Maces & Flails
 22383 | Lair:5   | Reached skill level 10 in Polearms
 22383 | Lair:5   | Reached skill level 10 in Staves
 22383 | Lair:5   | Reached skill level 10 in Ranged Weapons
 22383 | Lair:5   | Reached skill level 10 in Throwing
 22383 | Lair:5   | Reached skill level 10 in Armour
 22383 | Lair:5   | Reached skill level 10 in Shields
 22383 | Lair:5   | Reached skill level 10 in Unarmed Combat
 22383 | Lair:5   | Reached skill level 10 in Evocations
 22703 | Lair:5   | Reached XP level 15. HP: 120/120 MP: 27/32
 24344 | D:11     | Found a gate leading to a gauntlet.
 24361 | Gauntlet | Entered a Gauntlet
 24361 | Gauntlet | Found a transporter.
 24361 | Gauntlet | Found a transporter.
 24396 | Gauntlet | Found a transporter.
 24400 | Gauntlet | Found a transporter.
 24412 | Gauntlet | Found a transporter.
 24431 | Gauntlet | Found a transporter.
 24437 | Gauntlet | Found a transporter.
 24439 | Gauntlet | Identified the +7 demon trident "Iwnen" {venom, *Corrode
                  | Str+6}
 24439 | Gauntlet | Identified the +1 tower shield "Lofoefulio" {Int+3 Dex+3}
 24444 | Gauntlet | Identified the +2 pair of gloves of the Cartwright {rCorr}
 24445 | Gauntlet | Found a transporter.
 24462 | Gauntlet | Found a transporter.
 24466 | Gauntlet | Found a large runed translucent door.
 24467 | Gauntlet | Found a large runed translucent door.
 24468 | Gauntlet | Found a large runed translucent door.
 24468 | Gauntlet | Found a large runed translucent door.
 24469 | Gauntlet | Found a runed translucent gate.
 24469 | Gauntlet | Identified the +1 pair of boots of the Vacuum {Harm rN+}
 24470 | Gauntlet | Found a transporter.
 24470 | Gauntlet | Found a runed translucent gate.
 24471 | Gauntlet | Found a runed translucent gate.
 24472 | Gauntlet | Found a large runed translucent door.
 24472 | Gauntlet | Found a large runed translucent door.
 24473 | Gauntlet | Found a large runed translucent door.
 24474 | Gauntlet | Found a large runed translucent door.
 24483 | Gauntlet | Found a large runed translucent door.
 24483 | Gauntlet | Found a large runed translucent door.
 24483 | Gauntlet | Found a runed translucent door.
 24483 | Gauntlet | Found a runed translucent door.
 24484 | Gauntlet | Found a large runed translucent door.
 24485 | Gauntlet | Found a large runed translucent door.
 24487 | Gauntlet | Found a transporter.
 24520 | Gauntlet | Found a transporter.
 24527 | Gauntlet | Found a large runed translucent door.
 24528 | Gauntlet | Found a large runed translucent door.
 24529 | Gauntlet | Found a large runed translucent door.
 24529 | Gauntlet | Found a large runed translucent door.
 24982 | Gauntlet | HP: 5/121 [minotaur/the +7 demon trident "Iwnen" {venom,
                  | *Corrode Str+6} (37)]
 24983 | Gauntlet | Annihilated by a minotaur

Illustrated notes

Levels and vault maps discovered:
D:1:      mrwooster_arrival_statue_2, layout_basic,
          dreamdust_ecumenical_altar_drowned_temple, minmay_three_crescents
D:2:      layout_loops_ring, hangedman_glass_teeth, hangedman_decor_points,
          nicolae_concentric_dashed_squares_wild, minmay_misc_feat_roman
D:3:      layout_loops_ring, kiku_gazebo_pond_becter
D:4:      layout_rooms, doesnt_xom_only_xom, portal_sewer_entry_f,
          kennysheep_generic_room_2
D:5:      layout_loops_ring, serial_rivers, chequers_serial_rivers_small_3,
          chequers_serial_rivers_large_b, chequers_serial_rivers_micro_d,
          chequers_serial_rivers_small_3, grunt_ministairs_9,
          minmay_shop_damaged, uniq_sigmund, uniq_prince_ribbit1
D:6:      layout_basic, grunt_temple_overflow_open
D:7:      layout_gridville, minmay_temple_entry_glass, serial_demonic,
          serial_demonic_e, serial_demonic_e, serial_demonic_f,
          serial_demonic_e, serial_demonic_b, serial_demonic_f,
          serial_demonic_b, serial_demonic_e, serial_demonic_g,
          serial_demonic_b, minmay_fractal_squares_gapless_5
D:8:      layout_basic, tgw_trog, lair_entry_dummy, uniq_maggie, uniq_grum,
          uniq_maurice
D:9:      layout_gridville, eat_drink_and_be_merry_uskayaw, orc_0_dummy,
          serial_shops, nicolae_shop_crystal, kennysheep_mini,
          nicolae_shop_statue_plus, shop, enter_bailey_3,
          nicolae_shop_firing_range
D:10:     minmay_roctagon, layout_loops_ring, nicolae_qazlal_style_of_elements,
          overflow_temple_1_default, gammafunk_temple_overflow_wave
D:11:     layout_roguey [special_room_kobold], gauntlet_entry_generic
Lair:1:   layout_regular_city, uniq_harold
Lair:2:   minmay_lair_oklob_chamber, layout_regular_city,
          nicolae_shoals_entry_roost, grunt_forest_small_clearings,
          nzn_masters_of_martial_movement, grunt_megastairs_1, lemuel_fruit_tree
Lair:3:   layout_layer_cave, minmay_snake_entry_six_corridors,
          chequers_serial_rivers_small_3
Lair:4:   beast_lair_carwin_large_4, layout_small_grid,
          minmay_slime_entry_oklob_enclosed, nicolae_lair_liquid_snakes,
          lemuel_fruit_fields, uniq_kirke
Lair:5:   hangedman_lair_tendril_chambers, layout_cave_shapes, wormcave,
          portal_ice_cave_entry_ice_simulacra
Gauntlet: gammafunk_gauntlet_shortcut [nicolae_gauntlet_arena_x,
          nicolae_gauntlet_swirl, gammafunk_gauntlet_arena_spirals,
          minmay_gauntlet_arena_make_your_own_arena,
          gammafunk_gauntlet_arena_hedges, gammafunk_gauntlet_arena_grid,
          nicolae_gauntlet_exit_dead_adventurers]

Skill      XL: |  1  2  3  4  5  6  7  8  9 10 11 12 13 14 15 |
---------------+----------------------------------------------+-----
Spellcasting   | 5 6 7 8 9 10 11 | 11.5
Stealth        | 6 7 8 9 10 11 | 11.9
Invocations    | 1 2 3 4 5 6 7 8 9 10 11 | 11.2
Fighting       | 1 2 3 5 6 7 8 9 10 | 10.3
Long Blades    | 1 2 3 5 6 7 8 9 10 | 10.3
Axes           | 1 2 3 5 6 7 8 9 10 | 10.3
Maces & Flails | 1 2 3 5 6 7 8 9 10 | 10.3
Polearms       | 1 2 3 5 6 7 8 9 10 | 10.3
Staves         | 1 2 3 5 6 7 8 9 10 | 10.3
Ranged Weapons | 1 2 3 5 6 7 8 9 10 | 10.3
Throwing       | 1 2 3 5 6 7 8 9 10 | 10.3
Armour         | 1 2 3 5 6 7 8 9 10 | 10.3
Shields        | 1 2 3 5 6 7 8 9 10 | 10.3
Unarmed Combat | 1 2 3 5 6 7 8 9 10 | 10.3
Evocations     | 1 2 3 5 6 7 8 9 10 | 10.3
Conjurations   | 1 2 3 4 5 6 7 8 |  8.7
Summonings     | 1 2 3 4 5 6 7 8 |  8.7
Necromancy     | 1 2 3 4 5 6 7 8 |  8.7
Translocations | 1 2 3 4 5 6 7 8 |  8.7
Transmutations | 1 2 3 4 5 6 7 8 |  8.7
Fire Magic     | 1 2 3 4 5 6 7 8 |  8.7
Ice Magic      | 1 2 3 4 5 6 7 8 |  8.7
Air Magic      | 1 2 3 4 5 6 7 8 |  8.7
Earth Magic    | 1 2 3 4 5 6 7 8 |  8.7
Poison Magic   | 1 2 3 4 5 6 7 8 |  8.7
Short Blades   | 3 4 5 6 7 8 9 10 | 10.7
Dodging        | 5 6 7 8 9 10 11 | 11.3
Hexes          | 6 7 8 9 10 | 10.3

Action                     |  1- 3 |  4- 6 |  7- 9 | 10-12 | 13-15 || total
---------------------------+-------+-------+-------+-------+-------++-------
  Melee: Dagger            |   128 |   190 |   304 |   545 |   920 ||  2087
         Bite              |    10 |    19 |    57 |    71 |   170 ||   327
         Punch             |     2 |     4 |     7 |       |       ||    13
         Scimitar          |       |       |    17 |    24 |    97 ||   138
         Unarmed           |       |       |       |       |    11 ||    11
  Throw: Boomerang         |       |       |       |     3 |     1 ||     4
         Dart              |       |       |       |       |    11 ||    11
   Cast: Ensorcelled Hiber |     7 |    13 |    14 |   117 |    78 ||   229
         Confusing Touch   |     4 |    17 |    37 |    61 |   103 ||   222
         Tukima's Dance    |       |     1 |       |       |       ||     1
         Call Canine Famil |       |       |       |     6 |     2 ||     8
         Summon Ice Beast  |       |       |       |     5 |     3 ||     8
         Dazzling Flash    |       |       |       |     1 |    19 ||    20
         Summon Mana Viper |       |       |       |     2 |     2 ||     4
         Animate Armour    |       |       |       |     2 |     1 ||     3
 Invoke: Curse Item        |       |       |       |     5 |     2 ||     7
  Evoke: Wand              |       |       |       |     4 |    13 ||    17
    Use: Scroll            |       |     9 |     7 |     3 |    11 ||    30
         Potion            |       |     3 |       |     3 |    11 ||    17
   Stab: Sleeping          |    19 |    12 |    19 |    85 |    62 ||   197
         Confused          |     3 |    10 |    24 |    38 |    84 ||   159
         Invisible         |       |     1 |       |     7 |    18 ||    26
         Distracted        |       |       |       |       |     8 ||     8
 Armour: Robe              |    20 |    16 |    14 |       |       ||    50
         Skin              |       |     9 |       |       |       ||     9
         Leather armour    |       |       |    34 |    59 |       ||    93
         Steam dragon scal |       |       |       |    49 |   105 ||   154
  Dodge: Dodged            |    67 |    97 |   281 |   462 |   923 ||  1830
  Block: Buckler           |       |       |    52 |   130 |   273 ||   455

Table legend: (Time is in decaauts)
 A = Elapsed time spent in this place.
 B = Non-inter-level travel time spent in this place.
 C = Inter-level travel time spent in this place.
 D = Time resting spent in this place.
 E = Time spent auto-exploring this place.
 F = Levels seen in this place.
 G = Mean time per level.
                   A        B        C        D        E       F      G
               +--------+--------+--------+--------+--------+-----+--------+
         Total |  24363 |  23546 |    817 |   7500 |   9722 |  20 | 1218.2 |
       Dungeon |  12009 |  11623 |    386 |   3358 |   5359 |  11 | 1091.7 |
          Lair |   9091 |   8660 |    431 |   2458 |   4058 |   5 | 1818.2 |
         Sewer |    542 |    542 |      0 |    365 |     71 |   1 |  542.0 |
        Bailey |    578 |    578 |      0 |    184 |     13 |   1 |  578.0 |
      Ice Cave |   1558 |   1558 |      0 |    989 |     23 |   1 | 1558.0 |
      Gauntlet |    583 |    583 |      0 |    146 |    196 |   1 |  583.0 |
               +--------+--------+--------+--------+--------+-----+--------+

Top non-repeatable levels by time:
  Lair:4: 2297 daAuts
  Lair:5: 2261 daAuts
     D:8: 1762 daAuts
  Lair:3: 1643 daAuts
   IceCv: 1558 daAuts
  Lair:1: 1516 daAuts
     D:6: 1484 daAuts
  Lair:2: 1373 daAuts
     D:5: 1260 daAuts
     D:1: 1203 daAuts
    D:10: 1096 daAuts
     D:7: 1087 daAuts
     D:3: 1049 daAuts
     D:2: 1036 daAuts
     D:9: 1032 daAuts
